 Dungeon Crawl Stone Soup version 0.29.0-11-gd7f09526c8 (webtiles) character file.

Game seed: 18176238456776650609

58 leavemydog the Conjurer (level 3, -2/19 HPs)
             Began as a Deep Elf Conjurer on Sept 4, 2022.
             Slain by an orc warrior
             ... wielding a +0 mace
              (10 damage)
             ... on level 2 of the Dungeon.
             The game lasted 00:01:52 (2109 turns).

leavemydog the Conjurer (Deep Elf Conjurer)         Turns: 2109, Time: 00:01:53

Health: -2/19      AC:  2    Str:  4    XL:     3   Next: 76%
Magic:  10/10      EV: 12    Int: 24    God:
Gold:   87         SH:  0    Dex: 13    Spells: 6/9 levels left

rFire   . . .      SeeInvis .   p - +0 dagger
rCold   . . .      Faith    .   (no shield)
rNeg    . . .      Spirit   .   a - +0 robe
rPois   .          Reflect  .   (no helmet)
rElec   .          Harm     .   (no cloak)
rCorr   .          Rampage  .   (no gloves)
Will    .....                   (no boots)
Stlth   ++........              (no amulet)
HPRegen 0.06/turn               (no ring)
MPRegen 0.12/turn               (no ring)

@: no status effects
A: no striking features
a: no special abilities


You were on level 2 of the Dungeon.
You visited 1 branch of the dungeon, and saw 3 of its levels.

You collected 87 gold pieces.

Inventory:

Hand Weapons
 p - a +0 dagger (weapon)
Missiles
 f - 6 boomerangs of dispersal
Armour
 a - a +0 robe (worn)
Jewellery
 o - a ring of ice
Scrolls
 d - a scroll of silence {unknown}
 g - 3 scrolls of fog {unknown}
 j - 3 scrolls of blinking {unknown}
 k - a scroll of immolation {unknown}
 m - a scroll of enchant armour {unknown}
 n - a scroll of enchant weapon {unknown}
Potions
 b - a potion of magic
 c - a potion of lignification {unknown}
 e - a potion of degeneration {unknown}
 h - a potion of heal wounds {unknown}
 i - 2 potions of ambrosia {unknown}
 l - 2 potions of curing {unknown}
 q - a potion of invisibility {unknown}


   Skills:
 - Level 2.4 Dodging
 - Level 2.4 Stealth
 + Level 3.6 Spellcasting
 + Level 5.7 Conjurations


You had 6 spell levels left.
You knew the following spells:

 Your Spells              Type           Power      Damage    Failure   Level
a - Magic Dart            Conj           100%       1d8       1%          1
b - Searing Ray           Conj           64%        2d6       1%          2

Your spell library contained the following spells:

 Spells                   Type           Power      Damage    Failure   Level
 Dazzling Flash           Conj/Hex       36%        N/A       10%         3
 Portal Projectile        Hex/Tloc       8%         N/A       30%         3
 Tukima's Dance           Hex            4%         N/A       30%         3
 Fulminant Prism          Conj/Hex       9%         3d7       30%         4
 Iskenderun's Mystic Bla  Conj/Tloc      18%        2d6       30%         4
 Blade Hands              Tmut           2%         N/A       95%         5


Dungeon Overview and Level Annotations

Branches:
Dungeon (3/15)

Altars:

Shops:
D:2 *


Message History

You see here a hobgoblin corpse.
There is an open door here.
As you open the door, it creaks loudly!
There is an open door here.
You enter the shallow water.
Moving in this stuff is going to be slow.
You enter the shallow water.
Moving in this stuff is going to be slow.
You enter the shallow water.
Moving in this stuff is going to be slow.
You enter the shallow water.
Moving in this stuff is going to be slow.
You enter the shallow water.
Moving in this stuff is going to be slow.
You enter the shallow water.
Moving in this stuff is going to be slow.
There is an open door here.
Done exploring.
(D) Dungeon
Where to? (Enter - D:2, ? - help)
There is an open door here.
There is a stone staircase leading down here.
You climb downwards.
The orc warrior shouts!
The orc shouts! x2; You hear an angry hiss.
You hear a shout!
The frilled lizard hisses angrily.
Found a scale mail.
Found a stone staircase leading up.
There is a stone staircase leading up here.
There are monsters nearby!
Okay, then.
The orc barely misses you.
The orc warrior hits you with a +0 mace.
The orc priest shouts!
You climb upwards.
There is a stone staircase leading down here.
The orc attacks as you move away! The orc hits you with a +0 mace.
The orc warrior attacks as you move away!
The orc warrior misses you.
The orc warrior hits you with a +0 mace!
Ouch! That really hurt!
You die...

#.# #.# ##'## # #.#
#.# #.# # #.# #.#
#.# # #.#
#.########.## # #.#
#.#.........## # #.#
#.#..........#######
#.#
#.#>.###............
#.# #.#oo#
#.#.######### ..#
#..@.# #.### ###
###.####.# #
#......# # ########


You could see an orc warrior and an orc.

Vanquished Creatures
  An adder (D:2)
  A dart slug (D:1)
  4 orcs (D:2)
  11 endoplasms
  2 goblins
  3 hobgoblins
  6 kobolds
  A quokka (D:1)
  2 ball pythons (D:1)
  2 bats
  6 rats
39 creatures vanquished.

Vanquished Creatures (others)
  A plant (D:2)
1 creature vanquished.

Grand Total: 40 creatures vanquished

Notes
Turn   | Place    | Note
-------+----------+-------------------------------------------
     0 | D:1      | leavemydog the Deep Elf Conjurer began the quest for the
                  | Orb.
     0 | D:1      | Reached XP level 1. HP: 10/10 MP: 6/6
   126 | D:1      | Found a faded altar of an unknown god.
   265 | D:1      | Reached XP level 2. HP: 15/15 MP: 1/8
   268 | D:1      | Learned a level 2 spell: Searing Ray
   347 | D:1      | Reached skill level 5 in Conjurations
   872 | D:2      | Reached XP level 3. HP: 19/19 MP: 4/9
  1124 | D:2      | Found Joiw Heor's Assorted Antiques.
  2104 | D:3      | Noticed an orc warrior
  2109 | D:2      | Slain by an orc warrior

Illustrated notes

Levels and vault maps discovered:
D:1:      scummos_arrival_forest, layout_rooms,
          shapermc_ecumenical_altar_flowoftime
D:2:      layout_loops_corners, serial_rivers, chequers_serial_rivers_room_b,
          chequers_serial_rivers_marsh, chequers_serial_rivers_small_a,
          chequers_serial_rivers_micro_d, chequers_serial_rivers_micro_e,
          serial_shops, nicolae_shop_overgrown_old_shop, wad_orctagon
D:3:      layout_basic, eino_tiny_chamber, ebering_dispersal_statue_hall,
          uniq_robin

Skill      XL: |  1  2 |
---------------+-------+-----
Conjurations   | 5 |  5.7
Dodging        | |  2.4
Stealth        | |  2.4
Spellcasting   | |  3.6

Action                   || total
-------------------------++-------
 Cast: Magic Dart        ||    69
Dodge: Dodged            ||     6
